 Dungeon Crawl Stone Soup version 0.27-a0-978-g2aa4ecdaef (webtiles) character file.

Game seed: 9806373639399380820

5040 rjrrt the Cleaver (level 10, -7/132 HPs)
             Began as a Minotaur Berserker on Apr 14, 2021.
             Was a High Priest of Trog.
             Killed from afar by a gargoyle (11 damage)
             ... with a stone arrow
             ... on level 10 of the Dungeon.
             The game lasted 00:18:25 (10441 turns).

rjrrt the Cleaver (Minotaur Berserker)             Turns: 10441, Time: 00:18:26

Health: -7/132     AC: 20    Str: 27    XL:     10   Next: 30%
Magic:  0/9        EV: 11    Int:  4    God:    Trog [*****.]
Gold:   478        SH:  0    Dex: 11    Spells: 9/9 levels left

rFire    . . .     SeeInvis .   a - +0 hand axe (flame)
rCold    . . .     Faith    .   (no shield)
rNeg     + . .     Spirit   +   L - +3 chain mail
rPois    .         Reflect  .   (helmet restricted)
rElec    .         Harm     .   (no cloak)
rCorr    .         Rampage  .   K - +2 pair of gloves {Str+3}
Will     +....                  C - +2 pair of boots
Stlth    ..........             b - amulet of guardian spirit
HPRegen  0.32/turn              D - ring of positive energy
MPRegen  0.11/turn              H - ring of willpower

@: berserking, very quick
A: horns 2, retaliatory headbutt
a: Renounce Religion, Berserk, Trog's Hand, Brothers in Arms


You were on level 10 of the Dungeon.
You worshipped Trog.
Trog was extremely pleased with you.
You visited 1 branch of the dungeon, and saw 10 of its levels.
You also visited: Sewer.

You collected 478 gold pieces.

Inventory:

Hand Weapons
 a - a +0 hand axe of flaming (weapon)
 r - a +2 flail of draining
 s - a +0 spear of venom
Missiles
 v - a throwing net
 A - 2 curare-tipped darts
 I - 7 boomerangs of dispersal
Armour
 C - a +2 pair of boots (worn)
 K - a +2 pair of gloves of strength (worn)
 L - a +3 chain mail (worn)
Jewellery
 b - an amulet of guardian spirit (around neck)
 D - a ring of positive energy (left hand)
 H - a ring of willpower (right hand)
Wands
 y - a wand of iceblast (2)
 E - a wand of mindburst (14)
Scrolls
 j - 2 scrolls of blinking
 m - 4 scrolls of identify
 n - 7 scrolls of teleportation
 o - 2 scrolls of enchant weapon
 F - 2 scrolls of enchant armour
Potions
 c - a potion of resistance {unknown}
 d - a potion of berserk rage
 e - 3 potions of magic
 g - a potion of ambrosia {unknown}
 h - 2 potions of mutation
 i - 5 potions of curing
 k - 2 potions of might {unknown}
 w - 2 potions of degeneration {unknown}
 x - a potion of lignification {unknown}
 z - a potion of brilliance {unknown}
 M - a potion of heal wounds {unknown}


   Skills:
 + Level 8.2 Fighting
 * Level 12.5 Axes
 + Level 7.6 Armour
 + Level 6.9 Dodging
 + Level 3.4 Evocations


You had 9 spell levels left.
You didn't know any spells.
Your spell library was empty.

Dungeon Overview and Level Annotations

Branches:
Dungeon (10/15)            Temple (0/1) D:5             Orc (0/2) D:9
  Sewer (visited)
   Lair: D:8-11

Altars:
Elyvilon

Shops:
D:6 =

Annotations:
D:9 3 runed translucent doors, ArcanElement's ghost, novice HuFi


Innate Abilities, Weirdness & Mutations

You have a pair of horns on your head.
You reflexively headbutt those who attack you in melee.


Message History

Unknown command.
You hit the troll. You burn the troll. Your headbutt misses the troll.
The troll is severely wounded.
You barely miss the gargoyle. You closely miss something.
You are engulfed in a cloud of scalding steam.
* * * LOW HITPOINT WARNING * * *
Something hits you but does no damage.
The gargoyle hits you with a +0 mace of protection!
* * * LOW HITPOINT WARNING * * *
The troll bites you but does no damage. The troll closely misses you.
The troll claws you but does no damage.
You slash the troll! You burn the troll.
You feel the power of Trog in you as your rage grows.
You kill the troll!
Trog accepts your kill.
You hit the gargoyle but do no damage. You hit something. You burn something.
Something hits you.
* * * LOW HITPOINT WARNING * * *
You barely miss the gargoyle. Your headbutt misses the gargoyle.
The gargoyle is severely damaged.
The gargoyle hurls a stone arrow at you.
The stone arrow hits you!
* * * LOW HITPOINT WARNING * * *
Unknown command.
You hit the gargoyle. You burn the gargoyle. Your headbutt misses the gargoyle.
The gargoyle is almost destroyed.
You hit the howler monkey zombie. You burn the howler monkey zombie.
You hit something. You burn something. Something hits you.
* * * LOW HITPOINT WARNING * * *
Unknown command.
You hit the gargoyle but do no damage.
The gargoyle is almost destroyed.
You slash the howler monkey zombie! You burn the howler monkey zombie.
You slash something! You burn something. Trog accepts your kill.
Reactivating autopickup.
You feel a bit more experienced.
The gargoyle hurls a stone arrow at you.
The stone arrow hits you!
You die...

#.....
#......
.......
##.......
#........
#........
#........
#@.......
#9Z......
#........
#........
##.......
.......
#......
#.....


You could see a gargoyle and a howler monkey zombie.

Vanquished Creatures
  Harold (D:8)
  2 centaur zombies (D:8)
  An unseen horror (D:10)
  A troll (D:10)
  A hornet (D:8)
  A wraith (D:9)
  A wyvern (D:10)
  2 steam dragons
  A water moccasin (D:9)
  A hornet zombie (D:8)
  An ice beast (D:6)
  A necrophage (D:6)
  A sky beast (D:7)
  An orc warrior (D:9)
  An ogre (D:7)
  4 centaurs
  5 kobold brigands
  4 bullfrogs
  3 scorpions
  A water moccasin zombie (D:5)
  A wyvern skeleton (D:6)
  A water moccasin skeleton (D:5)
  4 howler monkeys
  A bullfrog skeleton (D:6)
  An orc priest (D:8)
  A hound (D:4)
  2 jellies (D:5)
  2 gnoll shamans
  4 iguanas
  9 orc wizards
  A hound skeleton (D:4)
  2 howler monkey zombies
  Robin (D:4)
  6 adders
  20 gnolls
  2 white imps
  5 worms
  4 dart slugs
  20 orcs
  6 ball pythons
  11 endoplasms
  3 giant cockroaches
  16 goblins
  12 hobgoblins
  7 jackals
  6 quokkas
  7 bats
  2 frilled lizards (D:1)
  15 kobolds
  10 rats
216 creatures vanquished.

Notes
Turn   | Place    | Note
-------+----------+-------------------------------------------
     0 | D:1      | rjrrt the Minotaur Berserker began the quest for the Orb.
     0 | D:1      | Reached XP level 1. HP: 19/19 MP: 0/0
   173 | D:1      | Reached skill level 4 in Axes
   183 | D:1      | Reached XP level 2. HP: 23/26 MP: 1/1
   446 | D:1      | Found a faded altar of an unknown god.
   937 | D:1      | Reached skill level 5 in Axes
  1056 | D:2      | Reached XP level 3. HP: 31/31 MP: 2/2
  1219 | D:2      | Reached ** piety under Trog
  1683 | D:3      | Reached skill level 6 in Axes
  1683 | D:3      | Reached XP level 4. HP: 24/39 MP: 3/3
  1914 | D:3      | You fall into a shaft and drop 1 floor!
  1995 | D:4      | Identified the +8 dagger of Radicalism {vorpal, Int+2}
  2219 | D:3      | Reached skill level 7 in Axes
  2219 | D:3      | Reached XP level 5. HP: 39/45 MP: 4/4
  3071 | D:4      | Reached *** piety under Trog
  3328 | D:4      | Reached skill level 8 in Axes
  3334 | D:4      | Reached XP level 6. HP: 47/51 MP: 5/5
  3638 | D:4      | Noticed Robin
  3653 | D:4      | Killed Robin
  3902 | D:5      | Entered Level 5 of the Dungeon
  4008 | D:5      | HP: 2/51 [iguana (6)]
  4129 | D:5      | Found a staircase to the Ecumenical Temple.
  4306 | D:5      | Reached skill level 9 in Axes
  4498 | D:5      | Reached XP level 7. HP: 49/58 MP: 6/6
  4683 | D:5      | You fall into a shaft and drop 3 floors!
  4923 | D:7      | Reached skill level 5 in Fighting
  4923 | D:7      | Reached skill level 10 in Axes
  4923 | D:7      | Reached XP level 8. HP: 65/68 MP: 7/7
  4998 | D:6      | Found Riuvon's Jewellery Emporium.
  5104 | D:6      | Found a glowing drain.
  5122 | D:6      | Reached **** piety under Trog
  5136 | Sewer    | Entered a sewer
  5336 | Sewer    | Reached skill level 5 in Armour
  5949 | Sewer    | Reached skill level 5 in Dodging
  7112 | D:6      | Reached XP level 9. HP: 70/78 MP: 6/8
  7225 | D:7      | Reached skill level 1 in Evocations
  7278 | D:7      | Reached skill level 11 in Axes
  7809 | D:8      | Reached ***** piety under Trog
  8078 | D:8      | You fall into a shaft and drop 1 floor!
  8559 | D:8      | Noticed Harold
  8579 | D:8      | Killed Harold
  8580 | D:8      | Reached skill level 12 in Axes
  8741 | D:8      | Paralysed by a hornet for 1 turns
  8744 | D:8      | Reached XP level 10. HP: 88/88 MP: 9/9
  9562 | D:9      | Found a staircase to the Orcish Mines.
  9636 | D:9      | Found a runed translucent gate.
  9636 | D:9      | Found a runed translucent gate.
  9636 | D:9      | Noticed ArcanElement's ghost (novice HuFi)
  9639 | D:9      | Found a runed translucent gate.
  9907 | D:9      | Found a white marble altar of Elyvilon.
 10421 | D:10     | Entered Level 10 of the Dungeon
 10421 | D:10     | Noticed a gargoyle
 10440 | D:10     | HP: 4/132 [something (6)]
 10441 | D:10     | Killed from afar by a gargoyle

Illustrated notes

Levels and vault maps discovered:
D:1:      dpeg_chamrin_arrival_tetris, layout_loops_ring,
          hellmonk_ecumenical_altar_lost_god
D:2:      layout_basic
D:3:      layout_basic, st_stairs_1, minmay_between
D:4:      layout_gridville, uniq_robin
D:5:      layout_loops_ring, minmay_temple_entry_glassed_door
D:6:      layout_loops_cross, serial_shops, shop, cheibrodos_sewer_entry_sluice,
          minmay_misc_feat_columns
D:7:      layout_cave_pools
D:8:      layout_gridville, uniq_harold
D:9:      layout_layer_cave, marbit_many_paths, orc_0_dummy,
          gammafunk_ghost_nasty_kobolds, minmay_holes
D:10:     minmay_s_stair_smasher, layout_irregular_city,
          minmay_increasing_density

Skill      XL: |  1  2  3  4  5  6  7  8  9 10 |
---------------+-------------------------------+-----
Axes           | 4 5 6 7 8 9 10 12 | 12.5
Fighting       | 5 6 7 8 |  8.2
Armour         | 4 5 7 |  7.6
Dodging        | 3 5 6 |  6.9
Evocations     | 3 |  3.4

Action                   |  1- 3 |  4- 6 |  7- 9 | 10-12 || total
-------------------------+-------+-------+-------+-------++-------
Melee: Hand axe          |    81 |   139 |   373 |    67 ||   660
       Headbutt          |    14 |    24 |    77 |    12 ||   127
Invok: Berserk           |       |     1 |     6 |     1 ||     8
  Use: Scroll            |       |     2 |     7 |     9 ||    18
Armor: Animal skin       |     2 |       |       |       ||     2
       Leather armour    |    17 |    35 |    12 |       ||    64
       Plate armour      |       |       |   166 |       ||   166
       Chain mail        |       |       |     8 |    61 ||    69
Dodge: Dodged            |    52 |    69 |   102 |    36 ||   259

Table legend: (Time is in decaauts)
 A = Elapsed time spent in this place.
 B = Non-inter-level travel time spent in this place.
 C = Inter-level travel time spent in this place.
 D = Time resting spent in this place.
 E = Time spent auto-exploring this place.
 F = Levels seen in this place.
 G = Mean time per level.
                   A        B        C        D        E       F      G
               +--------+--------+--------+--------+--------+-----+--------+
         Total |  10583 |  10436 |    147 |   1040 |   7298 |  11 |  962.1 |
       Dungeon |   9452 |   9305 |    147 |    906 |   6625 |  10 |  945.2 |
         Sewer |   1131 |   1131 |      0 |    134 |    672 |   1 | 1131.0 |
               +--------+--------+--------+--------+--------+-----+--------+

Top non-repeatable levels by time:
     D:9: 1594 daAuts
     D:4: 1447 daAuts
     D:8: 1192 daAuts
   Sewer: 1131 daAuts
     D:5: 1092 daAuts
     D:1: 1011 daAuts
     D:3: 1009 daAuts
     D:6: 795 daAuts
     D:7: 688 daAuts
     D:2: 609 daAuts
    D:10: 12 daAuts
